 Dungeon Crawl Stone Soup version 0.29-a0-322-g68df515428 (webtiles) character file.

Game seed: 11463401729127462438

76792 Leszczynek the Gelid (level 16, 0/117 HPs)
             Began as a Human Gladiator on Apr 6, 2022.
             Was the Champion of Cheibriados.
             Slain by a ghost moth (1 damage)
             ... on level 4 of the Spider Nest on Apr 8, 2022.
             The game lasted 02:44:11 (12408 turns).

Leszczynek the Gelid (Human Gladiator)             Turns: 12408, Time: 02:44:11

Health: 0/117      AC: 12    Str: 27 (31) XL:     16   Next: 3%
Magic:  0/35       EV: 20    Int: 30 (33) God:    Cheibriados [******]
Gold:   1218       SH:  8    Dex: 32 (35) Spells: 3/29 levels left

rFire   + + .      SeeInvis .   a - +8 short sword of Exquisite Torment {flame, rF+ rC+ MP+9}
rCold   + . .      Faith    .   z - +0 buckler
rNeg    . . .      Spirit   .   v - +1 troll leather armour
rPois   +          Reflect  .   K - +1 helmet of Unambiguity {+Inv Stlth+}
rElec   .          Harm     .   q - +1 cloak
rCorr   .          Rampage  .   A - +2 pair of gloves
Will    ++...                   (no boots)
Stlth   ++++......              (no amulet)
HPRegen 1.09/turn               u - ring of Gingah {rPois rF+ Int+3 Dex+5}
MPRegen 0.24/turn               H - ring of willpower

@: very slow
A: fangs 1, MP-powered wands
a: Renounce Religion, Evoke Invisibility, Bend Time, Temporal Distortion,
Slouch, Step From Time


You were on level 4 of the Spider Nest.
You worshipped Cheibriados.
Cheibriados was exalted by your worship.
You visited 5 branches of the dungeon, and saw 25 of its levels.
You also visited: Volcano.

You collected 1321 gold pieces.
You spent 103 gold pieces at shops.

Inventory:

Hand Weapons
 a - the +8 short sword of Exquisite Torment (weapon) {flame, rF+ rC+ MP+9}
   (You found it on level 6 of the Dungeon)

   It burns those it strikes, dealing additional fire damage.
   rF:        It protects you from fire.
   rC:        It protects you from cold.
   MP:        It affects your magic capacity (+9).
 h - a +3 war axe of freezing
Missiles
 t - a javelin
 C - 4 boomerangs (quivered)
 R - a curare-tipped dart
 S - 2 throwing nets
Armour
 q - a +1 cloak (worn)
 s - +1 steam dragon scales
 v - a +1 troll leather armour (worn)
 z - a +0 buckler (worn)
 A - a +2 pair of gloves (worn)
 K - the +1 helmet of Unambiguity (worn) {+Inv Stlth+}
   (You found it on level 4 of the Lair of Beasts)

   +Inv:      It lets you turn invisible.
   Stlth:     It makes you more stealthy.
Magical Staves
 x - a staff of earth
Jewellery
 n - a ring of protection from fire
 o - an amulet of guardian spirit
 u - the ring of Gingah (left hand) {rPois rF+ Int+3 Dex+5}
   (You acquired it on level 9 of the Dungeon)

   [ring of protection from fire]

   Int:       It affects your intelligence (+3).
   Dex:       It affects your dexterity (+5).
   rF:        It protects you from fire.
   rPois:     It protects you from poison.
 H - a ring of willpower (right hand)
 N - a ring of positive energy
Wands
 b - a wand of paralysis (10)
 c - a wand of mindburst (4)
 g - a wand of polymorph (13)
 G - a wand of iceblast (4)
 J - a wand of flame (9)
Scrolls
 i - a scroll of holy word {!r}
 j - 6 scrolls of teleportation
 k - a scroll of torment {!r}
 l - 2 scrolls of immolation {!r}
 p - 3 scrolls of amnesia
 w - a scroll of fog
 I - a scroll of silence {!r}
Potions
 e - 3 potions of lignification {!q}
 f - 4 potions of flight
 m - a potion of attraction
 r - 3 potions of brilliance
 B - 2 potions of curing {@q1}
 D - a potion of invisibility
 E - a potion of might
 L - 5 potions of mutation {!q}
 P - a potion of cancellation
 T - a potion of berserk rage {!q}


   Skills:
 - Level 8.2 Fighting
 - Level 2.3 Throwing
 - Level 8.0 Dodging
 + Level 4.2 Stealth
 - Level 5.0 Shields
 - Level 4.0 Unarmed Combat
 + Level 7.1 Spellcasting
 - Level 7.0 Necromancy
 - Level 2.0 Translocations
 - Level 6.0 Transmutations
 * Level 15.1 Ice Magic
 - Level 10.0 Earth Magic
 - Level 7.5 Poison Magic
 - Level 7.0 Invocations
 - Level 4.0 Evocations


You had 3 spell levels left.
You knew the following spells:

 Your Spells              Type           Power      Damage    Failure   Level
a - Sting                 Tmut/Pois      100%       1d8       1%          1
b - Animate Skeleton      Necr           100%       N/A       1%          1
c - Olgreb's Toxic Radia  Pois           53%        N/A       3%          4
d - Borgnjor's Vile Clut  Necr/Erth      28%        N/A       6%          5
e - Ozocubu's Armour      Ice            80%        N/A       1%          3
f - Ozocubu's Refrigerat  Ice            40%        4d13      12%         7
A - Apportation           Tloc           44%        N/A       3%          1
X - Animate Dead          Necr           25%        N/A       3%          4

Your spell library contained the following spells:

 Spells                   Type           Power      Damage    Failure   Level
 Poisonous Vapours        Pois/Air       66%        N/A       2%          2
 Stone Arrow              Conj/Erth      80%        3d12      2%          3
 Blink                    Tloc           44%        N/A       4%          2
 Summon Small Mammal      Summ           40%        N/A       7%          1
 Inner Flame              Hex/Fire       10%        N/A       21%         3
 Animate Armour           Summ/Erth      80%        N/A       9%          4
 Blade Hands              Tmut           23%        N/A       16%         5
 Irradiate                Conj/Tmut      14%        3d18      50%         5
 Death Channel            Necr           25%        N/A       52%         6
 Airstrike                Air            5%         N/A       56%         4
 Cause Fear               Hex            5%         N/A       56%         4
 Summon Lightning Spire   Summ/Air       10%        N/A       56%         4
 Manifold Assault         Tloc           22%        N/A       63%         5
 Lightning Bolt           Conj/Air       5%         1d17      88%         5
 Dragon Form              Tmut           23%        N/A       99%         7
 Storm Form               Tmut/Air       14%        N/A       100%        7
 Discord                  Hex            5%         N/A       100%        8
 Lehudib's Crystal Spear  Conj/Erth      20%        10d6      100%        8


Dungeon Overview and Level Annotations

Branches:
Dungeon (12/15)            Temple (1/1) D:5            Lair (6/6) D:11
  Swamp (0/4) Lair:2       Spider (4/4) Lair:2        Slime (0/5) Lair:5
    Orc (2/2) D:9             Elf (0/3) Orc:2       Volcano (visited)

Altars:
Ashenzari
Cheibriados
Elyvilon
Fedhas
Gozag
Kikubaaqudgha
Makhleb
Nemelex Xobeh
Okawaru
Qazlal
Ru
Sif Muna
Trog
Uskayaw
Vehumet
Wu Jian
Xom
Yredelemnul
Zin
The Shining One
Beogh

Shops:
D:8 [   Orc:2 :

Annotations:
D:2 Natasha
D:9 orc
Lair:2 spider


Innate Abilities, Weirdness & Mutations

You have very sharp teeth.
You expend magic power (3 MP) to strengthen your wands.


Message History

Something closely misses you. Something stings you!
You feel you are being watched by something.
Something hits you but does no damage. x2
Something stings you but does no damage.
Unknown command.
You barely miss something.
You feel you are being watched by something.
Something barely misses you. Something hits you. You block something's attack.
An emperor scorpion comes into view.
You puncture something! You burn something.
You feel you are being watched by something.
You feel your power leaking away. Something hits you!
Something barely misses you. Something stings you. Something barely misses you.
Something misses you.
Something stings you but does no damage.
Unknown command.
You closely miss something.
You feel you are being watched by something.
Something hits you but does no damage. Something barely misses you.
Something stings you!
* * * LOW HITPOINT WARNING * * *
Unknown command.
Unknown command.
You closely miss something.
You can drink potions again.
You feel you are being watched by something.
Something hits you but does no damage. Something hits you!
* * * LOW HITPOINT WARNING * * *
Something stings you but does no damage.
Unknown command.
Unknown command.
You hit something. You burn something. You bite something.
Something completely misses you. Something closely misses you.
Something barely misses you.
You feel you are being watched by something.
Something hits you!
* * * LOW HITPOINT WARNING * * *
You feel weakened. Something hits you.
You die...

#...## ###.<##
## #..^.# #..
###..##
#...#.#^.###
#..^##...# #
#.#.....###.#..
#..^^..##......
##..##{@.....#
#.^. ##.#.#^...
### s.# # #
.#.. ##. .##...
..##. .^ ..#..
###..... ##
..##.. #.^#..
##. .... .##
##.... .. ...


You could see an emperor scorpion.

Vanquished Creatures
  An emperor scorpion (Spider:1)
  2 broodmothers (Spider:4)
  2 spark wasps
  2 entropy weavers (Spider:3)
  2 hydras
  A boulder beetle (Lair:5)
  A radroach (Spider:3)
  4 two-headed ogres
  2 orc high priests (Orc:1)
  7 death yaks
  A skeletal warrior (Volcano)
  2 pharaoh ants (Spider:1)
  2 steelbarb worms (Spider:4)
  8 orb spiders
  An orc knight (Orc:1)
  4 wolf spiders
  An anaconda skeleton (Volcano)
  An orc sorcerer (Orc:1)
  A manticore (D:11)
  A moth of wrath (Spider:3)
  13 elephants
  8 black mambas
  A guardian serpent (Lair:6)
  6 torpor snails
  3 gargoyles (Volcano)
  20 cane toads
  Psyche (D:8)
  4 demonic crawlers
  9 komodo dragons
  3 trolls
  6 tarantellas
  3 hornets (Lair:6)
  A harpy skeleton (Volcano)
  9 dream sheep
  16 blink frogs
  2 flying skulls (Volcano)
  8 jumping spiders
  11 wyverns
  3 culicivoras (Spider:1)
  2 steam dragons (D:6)
  43 yaks
  A basilisk (Lair:4)
  15 redbacks
  4 wargs
  An acid dragon (D:9)
  20 water moccasins
  An ice beast (D:5)
  4 sky beasts
  2 black bears (D:5)
  17 orc warriors
  2 ogres
  15 wolves
  4 centaurs
  A phantom (D:7)
  3 kobold brigands
  Blork the orc (D:4)
  9 bullfrogs
  A scorpion (D:6)
  2 necrophages
  12 wights
  2 spriggan skeletons (Volcano)
  3 howler monkeys (D:7)
  21 orc priests
  A jelly (D:7)
  A gnoll shaman (D:7)
  Natasha (twice) (D:2)
  4 iguanas
  Ijyb (D:4)
  18 orc wizards
  5 hell rats (Lair:6)
  A naga skeleton (Volcano)
  A mummy (D:4)
  A hound zombie (D:3)
  4 gnolls (D:7)
  3 adders
  2 shadow imps (D:7)
  2 white imps
  An ufetubus (D:6)
  An adder skeleton (D:3)
  A worm (D:2)
  The ghost of jt the Sneak, a weakling DDDe (D:6)
  3 dart slugs
  73 orcs
  7 bats
  5 endoplasms
  3 giant cockroaches (D:1)
  4 goblins
  6 hobgoblins
  3 jackals (D:2)
  3 quokkas
  7 ball pythons
  A frilled lizard (D:2)
  A hobgoblin zombie (D:4)
  15 kobolds
  2 kobold zombies (D:4)
  An orc zombie (D:4)
  A quokka skeleton (D:3)
  4 rats
548 creatures vanquished.

Vanquished Creatures (collateral kills)
  Arachne (Spider:3)
  A two-headed ogre (D:9)
  A steelbarb worm (Spider:3)
  An orb spider (Spider:4)
  3 yaks (D:9)
  A warg (Orc:1)
8 creatures vanquished.

Vanquished Creatures (others)
  A jelly (D:6)
  61 fungi
  103 plants
  A withered plant (D:3)
166 creatures vanquished.

Grand Total: 722 creatures vanquished

Notes
Turn   | Place    | Note
-------+----------+-------------------------------------------
     0 | D:1      | Leszczynek the Human Gladiator began the quest for the Orb.
     0 | D:1      | Reached XP level 1. HP: 16/16 MP: 1/1
    61 | D:1      | Reached XP level 2. HP: 21/23 MP: 2/2
   137 | D:1      | Reached skill level 3 in Fighting
   304 | D:2      | Reached XP level 3. HP: 29/29 MP: 3/3
   304 | D:2      | Noticed Natasha
   319 | D:2      | Killed Natasha
   320 | D:2      | Reached skill level 4 in Fighting
   320 | D:2      | Reached XP level 4. HP: 37/37 MP: 4/4
   733 | D:4      | Noticed Blork the orc
   795 | D:3      | Reached XP level 5. HP: 31/43 MP: 5/5
   890 | D:3      | Reached skill level 5 in Fighting
  1010 | D:2      | Noticed Natasha
  1184 | D:2      | HP: 6/44 [Natasha (8)]
  1192 | D:2      | Killed Natasha
  1193 | D:2      | Reached XP level 6. HP: 7/51 MP: 6/6
  1206 | D:2      | Noticed Natasha
  1492 | D:4      | Noticed Ijyb
  1502 | D:4      | HP: 10/51 [Ijyb/+0 club (2)]
  1506 | D:4      | Killed Ijyb
  1862 | D:4      | Reached skill level 6 in Fighting
  1862 | D:4      | Reached skill level 4 in Dodging
  1883 | D:4      | Killed Blork the orc
  1884 | D:4      | Reached XP level 7. HP: 40/58 MP: 3/7
  1962 | D:4      | Found a sparkling altar of Nemelex Xobeh.
  1996 | D:5      | Entered Level 5 of the Dungeon
  2129 | D:6      | Reached skill level 1 in Evocations
  2144 | D:6      | Noticed a water moccasin
  2152 | D:6      | Killed a water moccasin
  2297 | D:6      | Found a runed translucent door.
  2303 | D:6      | Noticed jt's ghost (weakling DDDe)
  2303 | D:6      | Noticed a steam dragon
  2340 | D:5      | Found a staircase to the Ecumenical Temple.
  2349 | Temple   | Entered the Ecumenical Temple
  2409 | Temple   | Became a worshipper of Cheibriados the Contemplative
  2473 | D:5      | Found a large runed translucent door.
  2474 | D:5      | Found a large runed translucent door.
  2566 | D:5      | Found an opulent altar of Gozag.
  2566 | D:5      | Found a glowing silver altar of Zin.
  2588 | D:5      | Reached skill level 7 in Fighting
  2612 | D:5      | Learned a level 1 spell: Sting
  2634 | D:5      | Found an ornate altar of the Wu Jian Council.
  2721 | D:5      | Reached skill level 2 in Poison Magic
  2721 | D:5      | Reached skill level 2 in Evocations
  2721 | D:5      | Reached XP level 8. HP: 45/67 MP: 6/8
  2752 | D:5      | Reached skill level 3 in Poison Magic
  2994 | D:6      | HP: 4/67 [steam dragon/ball of steam (11)]
  2999 | D:6      | HP: 9/67 [steam dragon (1)]
  3003 | D:6      | Reached skill level 4 in Poison Magic
  3146 | D:6      | Reached skill level 1 in Transmutations
  3166 | D:6      | Learned a level 4 spell: Olgreb's Toxic Radiance
  3220 | D:5      | Reached skill level 5 in Poison Magic
  3389 | D:6      | Identified the +8 short sword of Exquisite Torment {flame,
                  | rF+ rC+ MP+9}
  3390 | D:6      | oh yes
  3390 | D:6      | this is what i needed
  3448 | D:6      | Reached skill level 1 in Spellcasting
  3448 | D:6      | Reached skill level 2 in Transmutations
  3460 | D:6      | Reached XP level 9. HP: 40/72 MP: 6/11
  3538 | D:6      | Reached skill level 2 in Spellcasting
  3544 | D:6      | HP: 14/72 [poisoned by a scorpion]
  3622 | D:6      | Found a blossoming altar of Fedhas.
  3675 | D:7      | Found a sacrificial altar of Ru.
  3683 | D:7      | Reached skill level 6 in Poison Magic
  3701 | D:7      | Reached skill level 3 in Transmutations
  3751 | D:7      | >triple miscast
  3751 | D:7      | at 21% failure
  3933 | D:7      | Reached * piety under Cheibriados
  4011 | D:8      | Found Linal's Antique Armour Boutique.
  4027 | D:8      | 4/5 miscasts
  4027 | D:8      | 21%
  4027 | D:8      | oh it's 16% now actually xD
  4039 | D:8      | Reached skill level 5 in Dodging
  4043 | D:8      | Bought a pair of gloves for 103 gold pieces
  4053 | D:8      | Noticed a two-headed ogre
  4060 | D:9      | Noticed a two-headed ogre
  4063 | D:9      | Found a basalt altar of Yredelemnul.
  4063 | D:9      | Noticed a flayed ghost
  4067 | D:9      | Found an ancient bone altar of Kikubaaqudgha.
  4071 | D:9      | Found a transporter.
  4077 | D:9      | Noticed a troll
  4095 | D:9      | Found a transporter.
  4184 | D:9      | Reached skill level 1 in Invocations
  4223 | D:9      | Reached skill level 7 in Poison Magic
  4228 | D:9      | Killed a troll
  4229 | D:9      | Reached skill level 4 in Transmutations
  4271 | D:10     | Entered Level 10 of the Dungeon
  4272 | D:10     | Found a burning altar of Makhleb.
  4339 | D:9      | Killed a two-headed ogre
  4340 | D:9      | Reached skill level 2 in Invocations
  4340 | D:9      | Reached XP level 10. HP: 80/80 MP: 9/14
  4355 | D:9      | Reached skill level 3 in Evocations
  4454 | D:9      | Reached skill level 3 in Spellcasting
  4528 | D:9      | Reached skill level 8 in Fighting
  4528 | D:9      | Reached skill level 5 in Transmutations
  4528 | D:9      | Reached skill level 3 in Invocations
  4638 | D:10     | Learned a level 1 spell: Animate Skeleton
  4670 | D:10     | Reached ** piety under Cheibriados
  4680 | D:10     | Gained mutation: Your spells are a little easier to cast,
                  | but a little less powerful. [potion of mutation]
  4687 | D:10     | Reached skill level 1 in Necromancy
  4920 | D:9      | Reached skill level 4 in Evocations
  4922 | D:9      | Noticed a two-headed ogre
  4929 | D:9      | Killed a two-headed ogre
  4930 | D:9      | Reached skill level 2 in Necromancy
  4930 | D:9      | Reached skill level 4 in Invocations
  4941 | D:9      | Reached skill level 3 in Necromancy
  4953 | D:9      | Reached skill level 6 in Transmutations
  4953 | D:9      | Reached XP level 11. HP: 84/86 MP: 8/15
  4959 | D:9      | Learned a level 5 spell: Borgnjor's Vile Clutch
  4995 | D:8      | Reached skill level 4 in Unarmed Combat
  5012 | D:8      | Noticed Psyche
  5021 | D:8      | Killed Psyche
  5022 | D:8      | Reached skill level 1 in Earth Magic
  5031 | D:8      | Reached skill level 2 in Earth Magic
  5111 | D:8      | Learned a level 3 spell: Ozocubu's Armour
  5145 | D:8      | Killed a two-headed ogre
  5146 | D:8      | Reached skill level 4 in Necromancy
  5146 | D:8      | Reached skill level 1 in Ice Magic
  5146 | D:8      | Reached skill level 3 in Earth Magic
  5315 | D:9      | Found a staircase to the Orcish Mines.
  5323 | D:9      | Identified 2 scrolls of acquirement
  5323 | D:9      | Acquired a staff of earth
  5326 | D:9      | Acquired the ring of Gingah {rPois rF+ Int+3 Dex+5}
  5331 | Orc:1    | Entered Level 1 of the Orcish Mines
  5345 | Orc:1    | Reached *** piety under Cheibriados
  5354 | Orc:1    | Reached skill level 4 in Earth Magic
  5361 | Orc:1    | Noticed an orc sorcerer
  5425 | Orc:1    | Paralysed by an orc sorcerer for 2 turns
  5426 | Orc:1    | Reached skill level 2 in Ice Magic
  5431 | Orc:1    | Killed an orc sorcerer
  5450 | Orc:1    | Learned a level 1 spell: Apportation
  5592 | Orc:1    | Noticed an orc high priest
  5597 | Orc:1    | Noticed a sun demon
  5855 | D:5      | Found an iron altar of Okawaru.
  5868 | D:5      | Found a broken altar of Ashenzari.
  6258 | Orc:1    | Reached skill level 5 in Necromancy
  6388 | Orc:1    | Noticed an orc high priest
  6392 | Orc:1    | Killed an orc high priest
  6393 | Orc:1    | Reached skill level 5 in Earth Magic
  6463 | Orc:1    | Reached **** piety under Cheibriados
  6600 | Orc:1    | Killed an orc high priest
  6601 | Orc:1    | Reached skill level 6 in Earth Magic
  6732 | Orc:1    | Lost mutation: Your spells are a little easier to cast, but
                  | a little less powerful. [potion of mutation]
  6732 | Orc:1    | Gained mutation: You sometimes lose the ability to read
                  | scrolls when taking damage. [potion of mutation]
  6732 | Orc:1    | Gained mutation: You are somewhat resistant to further
                  | mutation. [potion of mutation]
  6750 | Orc:2    | Entered Level 2 of the Orcish Mines
  6750 | Orc:2    | Found Ymeham's Book Shop.
  6750 | Orc:2    | Found a staircase to the Elven Halls.
  6751 | Orc:2    | Noticed an orc warlord
  6790 | Orc:2    | Reached ***** piety under Cheibriados
  6791 | Orc:2    | Reached skill level 6 in Necromancy
  6795 | Orc:1    | Reached skill level 7 in Earth Magic
  6941 | Orc:1    | Reached XP level 12. HP: 49/93 MP: 15/16
  7037 | Orc:1    | HP: 6/93 [orc warrior/+0 hand axe[an orc knight] (14)]
  7388 | Orc:1    | Reached skill level 8 in Earth Magic
  7493 | Orc:1    | this is absolutely awful XD
  7493 | Orc:1    | reminder for tomorrow or friday:
  7493 | Orc:1    | i use OTR and BVC
  7493 | Orc:1    | use chei when in really big trouble
  7493 | Orc:1    | weapon is okay-ish, use it as a stat stick though
  7493 | Orc:1    | ozo refrigeration is a possible next direction
  7493 | Orc:1    | i know ?acquirement already, no point in id-ing scrolls for
                  | now
  7493 | Orc:1    | how did i not pick that up...
  7758 | D:6      | Killed jt's ghost
  7870 | D:7      | Reached skill level 1 in Shields
  7885 | D:7      | Reached skill level 2 in Shields
  8021 | D:10     | Noticed a two-headed ogre
  8030 | D:10     | Killed a two-headed ogre
  8031 | D:10     | Reached skill level 3 in Shields
  8062 | D:11     | Noticed a two-headed ogre
  8066 | D:11     | oh, the mutation
  8066 | D:11     | well gg
  8068 | D:11     | Reached skill level 4 in Shields
  8070 | D:11     | Killed a two-headed ogre
  8071 | D:11     | Reached skill level 7 in Necromancy
  8079 | D:11     | i honestly didn't think i can just melee him
  8102 | D:11     | Found a staircase to the Lair.
  8103 | D:11     | wow
  8104 | D:11     | go ahead, find it
  8151 | D:12     | !
  8151 | D:12     | irradiate, blade hands, dragon form
  8151 | D:12     | but do i really care for blade hands
  8196 | Lair:1   | Entered Level 1 of the Lair of Beasts
  8222 | Lair:1   | Found a dark tunnel.
  8227 | Volcano  | Entered a volcano
  8311 | Volcano  | Reached skill level 3 in Ice Magic
  8315 | Volcano  | Reached skill level 9 in Earth Magic
  8378 | Volcano  | Noticed a skeletal warrior
  8389 | Volcano  | Noticed a skeletal warrior
  8389 | Volcano  | Killed a skeletal warrior
  8431 | Volcano  | Reached skill level 4 in Ice Magic
  8440 | Volcano  | Reached skill level 1 in Translocations
  8464 | Volcano  | and that's it?
  8464 | Volcano  | huh
  8484 | Lair:1   | Noticed a five-headed hydra
  8514 | Lair:1   | Noticed a six-headed hydra
  8536 | Lair:1   | Killed a five-headed hydra
  8651 | Lair:2   | Reached XP level 13. HP: 98/98 MP: 3/17
  8653 | Lair:2   | Reached skill level 5 in Shields
  8653 | Lair:2   | Reached skill level 2 in Translocations
  8700 | Lair:2   | Reached skill level 5 in Ice Magic
  8720 | Lair:2   | Found a staircase to the Swamp.
  8797 | Lair:2   | Reached skill level 6 in Ice Magic
  8888 | Lair:3   | mmh
  8925 | Lair:2   | Reached skill level 10 in Earth Magic
  8955 | Lair:3   | Reached skill level 5 in Invocations
  8955 | Lair:3   | Reached ****** piety under Cheibriados
  8958 | Lair:3   | Reached skill level 7 in Ice Magic
  9138 | Lair:3   | Noticed an eight-headed hydra
  9145 | Lair:3   | Killed an eight-headed hydra
  9187 | Lair:4   | Reached skill level 8 in Ice Magic
  9203 | Lair:4   | Reached skill level 6 in Invocations
  9281 | Lair:4   | Identified the +1 helmet of Unambiguity {+Inv Stlth+}
  9320 | Lair:4   | Identified the +6 chain mail of the Realm of Zot {rN+}
  9321 | Lair:4   | not bad
  9351 | Lair:4   | Lost mutation: You sometimes lose the ability to read
                  | scrolls when taking damage. [potion of mutation]
  9351 | Lair:4   | Lost mutation: You are somewhat resistant to further
                  | mutation. [potion of mutation]
  9351 | Lair:4   | Gained mutation: You expend magic power (3 MP) to
                  | strengthen your wands. [potion of mutation]
  9351 | Lair:4   | Gained mutation: You have very sharp teeth. [potion of
                  | mutation]
  9352 | Lair:4   | okay
  9427 | Lair:5   | hmmm
  9499 | Lair:5   | Reached skill level 9 in Ice Magic
  9530 | Lair:5   | Reached skill level 7 in Invocations
  9550 | Lair:5   | Noticed a boulder beetle
  9674 | Lair:5   | Found a staircase to the Slime Pits.
  9702 | Lair:4   | fuck
  9738 | Lair:4   | Reached XP level 14. HP: 84/105 MP: 3/19
  9741 | Lair:4   | Reached skill level 10 in Ice Magic
  9832 | Lair:5   | Identified the +0 helmet "Ypnik" {+Inv rC+ Slay+2 Stlth-}
  9859 | Lair:5   | HP: 15/105 [boulder beetle (27)]
  9862 | Lair:5   | Reached skill level 6 in Dodging
  9895 | Lair:6   | Entered Level 6 of the Lair of Beasts
 10009 | Lair:6   | Reached skill level 11 in Ice Magic
 10142 | Lair:6   | Identified the +1 ring mail of the Monkey {rF+ Slay+2}
 10178 | Lair:6   | Reached skill level 4 in Spellcasting
 10190 | Lair:6   | Reached skill level 7 in Dodging
 10381 | Lair:6   | Reached skill level 12 in Ice Magic
 10568 | Lair:6   | oh
 10579 | Lair:6   | Reached skill level 5 in Spellcasting
 10605 | Lair:6   | Learned a level 7 spell: Ozocubu's Refrigeration
 10634 | Lair:6   | Reached XP level 15. HP: 47/110 MP: 5/22
 10672 | Lair:6   | >9 yaks
 10672 | Lair:6   | are these bands really this big?
 10676 | Lair:6   | Reached skill level 8 in Dodging
 11020 | Lair:2   | Reached skill level 13 in Ice Magic
 11091 | Lair:2   | Found a hole to the Spider Nest.
 11147 | Lair:2   | i'm ded
 11170 | Spider:1 | Entered Level 1 of the Spider Nest
 11211 | Spider:1 | Reached skill level 6 in Spellcasting
 11213 | Spider:1 | MISCAST MISCAST MISCAST
 11362 | Spider:1 | Noticed an emperor scorpion
 11380 | Spider:1 | Killed an emperor scorpion
 11443 | Spider:1 | Reached skill level 14 in Ice Magic
 11591 | Spider:1 | Reached skill level 1 in Stealth
 11744 | Spider:3 | Noticed Arachne
 11745 | Spider:3 | please
 11746 | Spider:3 | well? what now?
 11752 | Spider:3 | Killed Arachne
 11753 | Spider:3 | Reached skill level 2 in Stealth
 11798 | Spider:3 | ohhhhhhhhhhhhhhhhhhhhhhhhh shit
 11798 | Spider:3 | right, i forgot about those fuckers
 11798 | Spider:3 | well what now
 11798 | Spider:3 | XD
 11801 | Spider:3 | there's no way i teleported next to another one
 11801 | Spider:3 | come on
 11970 | Spider:3 | HP: 15/110 [radroach (33)]
 11986 | Spider:3 | jesus christ
 12009 | Spider:3 | Reached skill level 3 in Stealth
 12102 | Spider:4 | Entered Level 4 of the Spider Nest
 12263 | Spider:4 | Learned a level 4 spell: Animate Dead
 12271 | Spider:4 | Noticed a broodmother
 12283 | Spider:4 | Reached skill level 15 in Ice Magic
 12289 | Spider:4 | Killed a broodmother
 12294 | Spider:4 | Reached skill level 7 in Spellcasting
 12306 | Spider:4 | Reached skill level 4 in Stealth
 12307 | Spider:4 | Reached XP level 16. HP: 100/117 MP: 23/26
 12318 | Spider:4 | HP: 23/117 [something (1)]
 12323 | Spider:4 | Noticed an emperor scorpion
 12404 | Spider:4 | Noticed an emperor scorpion
 12406 | Spider:4 | HP: 22/117 [something (9)]
 12408 | Spider:4 | HP: 1/117 [something (16)]
 12408 | Spider:4 | Slain by a ghost moth

Illustrated notes .................. ..##................... ...#.................... ........................ .>.................÷.... ........................ ..................###... ......#...........#≈###. #.@.......#..#$#... ##.#....####.#W#... ##......# #.#S#... #.....####.#F#... ...##.###...#≈#.## #...#........#+#.# #................# #....♣.♣........... ......!.... Turn 3390 on D:6: oh yes .##......# ........# .....?.# ......# #######.....# #...........# #.....Y..:..# #...........# #.....@.....# ######..<....##### #.......###### ###.#.#.### #.......# #####.##### #.....# ####.## ####.# Turn 3751 on D:7: >triple miscast #.......# # #.......# #. #####'### ##.# #####...#.# ....##.......#.####.# .....+.......)......# #...........######.# #...#...#...# .#....#@#....# .$....F∩.....# #.....#.#....# #....#...#...# ##...........# #>....####+## #..### ... .. Turn 4027 on D:8: 4/5 miscasts ........## ##.#.......# .........# ##.........# .^..#....###.#..)....# ..............#......#### .......#..............#.## #................#...#...# ....................[..)## ..............#[...[)..## ....#..........>@.....## # #.####......#.[.)......##.## ### ##.........#..........# #................#...## ##..............#.....# ###.................# ##..............### #...#.......##.## ##.####..#.## ## Turn 7493 on Orc:1: this is absolutely awful XD ........## ##.#.......# .........# ##.........# .^..#....###.#..)....# ..............#......#### .......#..............#.## #................#...#...# ....................[..)## ..............#[...[)..## ....#..........>@.....## # #.####......#.[.)......##.## ### ##.........#..........# #................#...## ##..............#.....# ###.................# ##..............### #...#.......##.## ##.####..#.## ## Turn 7493 on Orc:1: how did i not pick that up... #..........) #.........$. #........... #.......H... #........... #####........... #. #.......O........ ... ................. #..#.####..@........ ##..#.#.....#+###+### ..>..#.###.# #.#...###.# #........<# ##....###.# #........# #..#.#####.# #..........# Turn 8066 on D:11: oh, the mutation #..........) #.........(. #........... #........... #........... #####........... #. #.......(........ ... ........@........ #..#.####........... ##..#.#.....#+###+### ..>..#.###.# #.#...###.# #........<# ##....###.# #........# #..#.#####.# Turn 8079 on D:11: i honestly didn't think i can just melee him #..........)# #...........# #...........# #...........# #...........# #####...........# #. #................# ... ........)........# #..#.####......@....# ##..#.#.....#'###'#### ..>..#.###.#.# .># #.#...###.#.# .## #........<#.# .# ##....###.#.# .# #........#.# .# #..#.#####.# .# #..........# Turn 8103 on D:11: wow #...........# #...........# #...........# #...........# #####...........# . #................# .. ........)........# #..#.####...........# #..#.#.....#'###@#### ..>..#.###.#.# #.># #.#...###.#.# #.## #........<#.# #.# ##....###.#.# #.# #........#.# #.# #..#.#####.# #.# #..........# #.# #..#..###### Turn 8104 on D:11: go ahead, find it ##### ...# ##########.## ....../@...<# ............# .#######.#..# #.#..# #.#.## #.#.# #.... ##### Turn 8151 on D:12: ! #)(# ##'#####'## #.)###.).......### #..'.'.§≈≈≈≈≈§.'○# ## #[[###.........### ≈## #.[# ##+#####'## ≈≈####### #z#..⌠..# ..#.##########.....# ...≈'...8....'.....### ### ≈...'.......))..@..'.# ##.## ...≈'...8....'.....### ##§#.## ..#.##########.....'.###.#≈≈.# ##### #..⌠..##.###.≈≈≈# # #########.#.)≈≈≈# ##....§## ####### Turn 8464 on Volcano: and that's it? ###........... ##.#........... ....Y.Y.)...... ....Y..Y....... Y...w.......... #P........... #..)........ #...@....... #........... Y.............. .Y............. ...$..<........ ............... P.##........... ## #........... Turn 8888 on Lair:3: mmh ...# .## ## ##.# ...#######.####.##...#.. ...##.##..#.##.......... ....P................... .#...................... ........................ ......†................. ..###.........<......... ..# ####.##.##..@....... ..# #.....###.P.###.. ..# ♣.♣....###### ... .≈.≈.≈...# ≈..≈≈.≈...# ...≈≈≈.≈..# ≈≈≈ Turn 9321 on Lair:4: not bad ........... .......... ##........ #........## #......... .. #......<## .. #........# .# #.....@.# # #.......# ##.>.....# #.#......# ##......## ##........##### #.......[#.#..# ..#.....##.## #.##......##..### Turn 9352 on Lair:4: okay ........ P....... ## ####... #.#.#..... ##......... ##.......... #.........[. #.......... #.......... #.@.....Y. #.......Y.Y. ##.#..#...#. #.#### .#.# . # # ## Turn 9427 on Lair:5: hmmm ##P..........# #P....?....## #...h.......# #P.....h....# #.....h....# #P.........# #.........# #.....>..h## #........@.# ############ Turn 9702 on Lair:4: fuck

........ #.)........P..
........# ##.....####.†..
......^.. #....###......#
#......#.###.###...#..###
#.....#.#..###....##.####
#......#........##..#..#
##..............##..##..#
#..............##...#....
##.....#@.....##...##....
..#......##..###....#.....
........###..##....##.....
.........##.#......#..P...
Y.................##......
.........................÷
....................≈≈....
...................♣♣≈≈...
#...................≈♣≈...


Turn 10568 on Lair:6: oh #.. ##...#.Y. .... ....Y.. .... #..YYYY .... ##....Y
.... #....Y. .... #.....## .... ##....Y.## .#.. #....#@..# #.. #..#.#.......
#...##....... #...# ....... ###..# ......#....##.#P #P..## .....#.#..#.....
#....###.######....#..# ##...#.#######........# ##........##.........# Turn
10672 on Lair:6: >9 yaks .## ^. .. )# .# #.. #### #P.## .## ##..###..### #...
..###.. ....#...^.# .... ......# #....≈≈≈+###.. ......# .#..^.≈≈)..##..
#.######.. #^.≈≈.>###.# ......##..####.≈@..#..# .###..## #.....≈≈'##..##
.###...###^.......##...# .......##..###.#^###..## #.#......^..#.######..#
#####..##.^..######...# #..###............# ##..####.#..###.......
##.#####.##.#####.##... Turn 11147 on Lair:2: i'm ded ##.....# #.....## #.<...#
####..## #...# ##...# ##....# ##....## #.@#### ##B.# #..## #..# ##... ##†..#
#...# #..# .B# Turn 11213 on Spider:1: MISCAST MISCAST MISCAST .## #####
....##...## ..^^......#### ..^..........## H.............## .w...#....#....##
................# ...........†.### .#....@.....(.# ...............#
#...#........^.# ...#........#### .. ##...#....## #..........# ##........##
#^.......## #.......## Turn 11745 on Spider:3: please ....##...## ..^^......####
..^..........## ..............## .....#....#....## ................#
...........†.### .#..H.......(.# ........@......# #...#........^.#
...#........#### .. ##...#....## #..........# ##........## #^.......##
#.......## ##..#....# Turn 11746 on Spider:3: well? what now?
s............#.......†.......†.## ..#..^#..#.#........#..........(.
.....................|........... #....##^#.....#..##...#........^. #####
############...#........### #^.....###...#....## #......##..........#
##......##........## #..@#####^.......## ##..# #.......## #... ##..#....# #.B
....{ #.......#### ##.. #####.. #..........# #... # ...#..........# ..## .#
...#.........## ..^# ..# ^!#..#......# ####..#..^# #........## Turn 11798 on
Spider:3: ohhhhhhhhhhhhhhhhhhhhhhhhh shit ........#.. .. #..... s.......... . .
..... ..#..^#..#. #. . ..... ........... ..>#. #.{. #....##^#.. .....##.$##
##### ##### ..........##..# ...s..........# #@.# #### #.B ##.. #... ..## ..^#
Turn 11801 on Spider:3: there's no way i teleported next to another one
.......#..........# .)#..........(....## ...................#
#...........^....### ...............^## ...........†....# .###†......#.#
#.†#†.....# ##<@...#.## #....#.### #.###### ### Turn 11986 on Spider:3: jesus
christ

Levels and vault maps discovered:
D:1:      dpeg_arrival_simpleton_c, layout_rooms, skrybe_limestone_x,
          minmay_tripent
D:2:      layout_loops_ring, kennysheep_path_1, uniq_natasha
D:3:      layout_basic, serial_undead, serial_undead_c, serial_undead_a,
          serial_undead_c, serial_undead_b, serial_undead_c
D:4:      layout_basic, nemelex_dance_club_becter, minmay_mini_ossuary,
          uniq_blork_the_orc, uniq_ijyb
D:5:      layout_cave_pods, grunt_temple_overflow_gold_and_silver,
          mainiacjoe_overflow_concentric_impassable, jmf_multi_god_temple2,
          minmay_temple_entry_junction
D:6:      layout_cave_pools, nicolae_overflow_hidden_temple,
          serial_column_ruins, column_ruins_open_small_water,
          column_ruins_open_small, column_ruins_open_medium,
          column_ruins_open_tiny, column_ruins_columns_straight,
          column_ruins_open_tiny, ebering_ghost_sewer_d, serial_bayou_pond_b
D:7:      layout_basic, lemuel_crystal_altar, hellmonk_ghost_happy_afterlife
D:8:      layout_basic, serial_shops, nicolae_shop_advertising_works
          [nicolae_subvault_shop_adworks], enter_bailey_2,
          ebering_dispersal_statue_hall, mrwooster_statue_mirror, uniq_psyche
D:9:      layout_basic, gammafunk_temple_of_torment,
          riverfiend_overflow_shadow_ancestor, david_orc_2
D:10:     layout_layer_cave, bloody_makhleb, minivault_26
D:11:     layout_basic, lair_entry_dummy, kennysheep_generic_room_15
D:12:     layout_basic, hangedman_abyss_or_decor_stagger, uniq_nergalle,
          uniq_maurice
Temple:   nicolae_temple_figure_zero
Lair:1:   layout_roguey, enter_volcano_4, serial_bayou_pond_c,
          serial_bayou_shore_b
Lair:2:   layout_loops_ring, swamp_mist, nicolae_spider_entry_orb_guardian,
          serial_bayou_shore_a
Lair:3:   layout_gridlike
Lair:4:   layout_hall_layers, nicolae_quartered_pool_little
Lair:5:   layout_gridlike, slime_dummy, st_stairs_3, infiniplex_staircase_pool_2
Lair:6:   wormcave, layout_regular_city, hangedman_lair_tendril_chambers,
          serial_bayou, serial_bayou_pond_d, serial_bayou_pond_d,
          serial_bayou_pond_d, serial_bayou_pond_e
Spider:1: layout_spider_delve, uniq_nikola, uniq_aizul
Spider:2: layout_spider_delve, hangedman_spider_tarantella_strand
Spider:3: nicolae_spider_hilbert_zone_7 [nicolae_spider_hilbert_4_sides_1_open,
          nicolae_spider_hilbert_4_sides_1_open,
          nicolae_spider_hilbert_4_sides_1_open,
          nicolae_spider_hilbert_4_sides_1_open,
          nicolae_spider_hilbert_3_sides_1_open,
          nicolae_spider_hilbert_3_sides_1_open,
          nicolae_spider_hilbert_3_sides_1_open,
          nicolae_spider_hilbert_3_sides_1_open,
          nicolae_spider_hilbert_4_sides_1_open,
          nicolae_spider_hilbert_4_sides_1_open,
          nicolae_spider_hilbert_4_sides_1_open,
          nicolae_spider_hilbert_2_sides_1_open,
          nicolae_spider_hilbert_2_sides_1_open,
          nicolae_spider_hilbert_2_sides_1_open,
          nicolae_spider_hilbert_2_sides_1_open,
          nicolae_spider_hilbert_2_sides_1_open,
          nicolae_spider_hilbert_2_sides_1_open],
          nicolae_spider_not_touching_you, uniq_arachne
Spider:4: guppyfry_spider_rune, hellmonk_spider_spawner
Orc:1:    layout_caves, basic_altar, minmay_orc_temple_c
Orc:2:    st_orc_rangers, layout_caves, serial_shops, shop

Skill      XL: |  1  2  3  4  5  6  7  8  9 10 11 12 13 14 15 |
---------------+----------------------------------------------+-----
Fighting       | 3 4 5 6 7 8 |  8.2
Dodging        | 4 5 7 8 |  8.0
Evocations     | 2 4 |  4.0
Poison Magic   | 2 5 7 |  7.5
Transmutations | 2 4 6 |  6.0
Spellcasting   | 1 2 3 5 7 |  7.1
Invocations    | 2 4 7 |  7.0
Necromancy     | 3 6 7 |  7.0
Unarmed Combat | 4 |  4.0
Earth Magic    | 7 9 10 | 10.0
Ice Magic      | 2 4 9 12 15 | 15.1
Shields        | 4 5 |  5.0
Translocations | 1 2 |  2.0
Stealth        | 4 |  4.2
Throwing       | |  2.3

Action                   |  1- 3 |  4- 6 |  7- 9 | 10-12 | 13-15 | 16-18 || total
-------------------------+-------+-------+-------+-------+-------+-------++-------
Melee: Unarmed           |    20 |    10 |       |       |       |       ||    30
       Short sword       |    74 |    97 |    76 |   224 |   449 |    12 ||   932
       Punch             |     1 |     3 |     2 |    13 |       |       ||    19
       Spear             |       |   145 |   123 |       |       |       ||   268
       Dagger            |       |    21 |     5 |       |       |       ||    26
       Bite              |       |       |       |       |    85 |     1 ||    86
 Fire: Shortbow          |       |       |    20 |    24 |       |       ||    44
Throw: Throwing net      |     3 |     3 |       |       |       |       ||     6
       Javelin           |     1 |     8 |     6 |     4 |       |       ||    19
       Dart              |       |       |     2 |    10 |     2 |       ||    14
       Boomerang         |       |       |       |       |     6 |       ||     6
 Cast: Sting             |       |       |    14 |    10 |       |       ||    24
       Olgreb's Toxic Ra |       |       |    13 |    77 |    79 |       ||   169
       Animate Skeleton  |       |       |       |     8 |       |       ||     8
       Borgnjor's Vile C |       |       |       |    43 |   144 |     1 ||   188
       Apportation       |       |       |       |     3 |    40 |       ||    43
       Ozocubu's Armour  |       |       |       |     3 |     3 |       ||     6
       Ozocubu's Refrige |       |       |       |       |     1 |     3 ||     4
       Animate Dead      |       |       |       |       |     1 |       ||     1
Invok: Bend Time         |       |       |       |     5 |     4 |       ||     9
       Temporal Distorti |       |       |       |     2 |       |       ||     2
Evoke: Wand              |       |    16 |    11 |    11 |     4 |     4 ||    46
  Use: Potion            |       |     4 |     7 |     5 |     9 |     2 ||    27
       Scroll            |       |     1 |    15 |     9 |    14 |     2 ||    41
 Stab: Sleeping          |     1 |     1 |     1 |     1 |     3 |       ||     7
       Paralysed         |       |       |     3 |    12 |     5 |     3 ||    23
       Invisible         |       |       |       |     2 |     4 |       ||     6
Armor: Leather armour    |    28 |    17 |       |       |       |       ||    45
       Skin              |     1 |       |    36 |       |       |       ||    37
       Ring mail         |       |    83 |    54 |       |       |       ||   137
       Robe              |       |       |    11 |       |       |       ||    11
       Steam dragon scal |       |       |    24 |    63 |       |       ||    87
       Troll leather arm |       |       |       |    21 |   158 |    26 ||   205
Dodge: Dodged            |    62 |   157 |   165 |   263 |   616 |    31 ||  1294
Block: Buckler           |       |       |       |     4 |   319 |     9 ||   332

Table legend: (Time is in decaauts)
 A = Elapsed time spent in this place.
 B = Non-inter-level travel time spent in this place.
 C = Inter-level travel time spent in this place.
 D = Time resting spent in this place.
 E = Time spent auto-exploring this place.
 F = Levels seen in this place.
 G = Mean time per level.
                   A        B        C        D        E       F      G
               +--------+--------+--------+--------+--------+-----+--------+
         Total |  18347 |  16265 |   2082 |    106 |      0 |  26 |  705.7 |
       Dungeon |   8805 |   7096 |   1709 |     89 |      0 |  12 |  733.8 |
        Temple |     72 |     61 |     11 |      0 |      0 |   1 |   72.0 |
          Lair |   4716 |   4443 |    273 |      0 |      0 |   6 |  786.0 |
   Spider Nest |   2172 |   2172 |      0 |     14 |      0 |   4 |  543.0 |
  Orcish Mines |   2192 |   2103 |     89 |      3 |      0 |   2 | 1096.0 |
       Volcano |    387 |    387 |      0 |      0 |      0 |   1 |  387.0 |
               +--------+--------+--------+--------+--------+-----+--------+

Top non-repeatable levels by time:
   Orc:1: 2131 daAuts
     D:9: 1619 daAuts
  Lair:6: 1545 daAuts
     D:5: 1422 daAuts
     D:6: 1090 daAuts
  Lair:2: 942 daAuts
     D:4: 934 daAuts
     D:8: 735 daAuts
  Lair:5: 726 daAuts
     D:7: 725 daAuts
  Lair:4: 699 daAuts
Spider:3: 661 daAuts
    D:10: 660 daAuts
Spider:1: 644 daAuts
Spider:4: 493 daAuts
